AoeStats
← El Conchetumare

Arabia

510929691Analyzed
2v2 RM · 11h ago on Oct 3, 2026· 28m 12s· 4 players
Game mode
Random Map
Map size
Medium (4 player)
Population
200
Speed
Normal
Resources
Standard
Victory
Conquest
Starting age
Dark Age
Ending age
Imperial Age
RankedLock teamsTeams togetherTeam positionsShared explorationLock speedFull tech treeHidden civsTurbo modeCheats
Victory
Defeat
🇨🇱 Bohemians · Chile
1191
+14
🇦🇺 Mongols · Australia
1128
+17
🇺🇸 Tupi · United States
1183
-16
🇺🇸 Armenians · United States
1127
-15
Vencho
3:12 Loom
9:16 Feudal Age
14:17 Wheelbarrow
13:33 Double-Bit Axe
15:35 Fletching
17:15 Padded Archer Armor
19:43 Horse Collar
26:42 Castle Age
26:53 Elite Skirmisher
26:59 Crossbowman
captainducksauce779
5:39 Loom
9:25 Feudal Age
10:40 Man-at-Arms
11:31 Long Swordsman
14:37 Arson
18:23 Scale Mail Armor
24:02 Castle Age
22:27 Stone Mining
23:31 Double-Bit Axe
25:37 Pikeman
El Conchetumare
6:47 Loom
9:32 Feudal Age
11:27 Fletching
16:20 Horse Collar
23:23 Castle Age
23:25 Double-Bit Axe
23:47 Padded Archer Armor
23:48 Crossbowman
24:26 Bodkin Arrow
26:18 Ballistics
26:46 Leather Archer Armor
Hype-Rat
9:46 Feudal Age
12:19 Loom
21:12 Castle Age
19:16 Double-Bit Axe
24:52 Scale Barding Armor
25:05 Bloodlines
25:26 Husbandry
25:47 Forging
Connection lost

Rejoining the realm…

Still unreachable

The connection could not be restored.

Session expired

The server has moved on; the page needs a fresh start.